 Dungeon Crawl Stone Soup version 0.23.2-1-ga50397a (webtiles) character file.

Game seed: 3654411186319850319

13402 Fang the Fighter (level 12, -4/118 HPs)
             Began as a Gargoyle Berserker on May 22, 2019.
             Was an Elder of Trog.
             Slain by a 14-headed hydra (8 damage)
             ... on level 2 of the Lair of Beasts.
             The game lasted 00:12:49 (9909 turns).

Fang the Fighter (Gargoyle Berserker)               Turns: 9909, Time: 00:12:49

Health: -4/118     AC: 29    Str: 31    XL:     12   Next: 5%
Magic:  0/12       EV: 11    Int:  8    God:    Trog [****..]
Gold:   653        SH:  0    Dex:  9    Spells: 11/11 levels left

rFire    . . .     SeeInvis .   a - +5 battleaxe
rCold    + . .     Gourm    .   (shield currently unavailable)
rNeg     + . .     Faith    .   b - +2 plate armour
rPois    ∞         Spirit   +   s - +2 helmet
rElec    +         Reflect  .   (no cloak)
rCorr    .         Harm     .   (no gloves)
MR       .....                  (no boots)
Stlth    ..........             e - amulet of guardian spirit
HPRegen  0.29/turn              o - ring of protection from cold
MPRegen  0.13/turn              u - +6 ring of slaying

@: berserking (expiring), starving, very quick
A: negative energy resistance 1, electricity resistance, unbreathing,
petrification resistance, rot immunity, AC +8
a: Berserk, Trog's Hand, Brothers in Arms, Renounce Religion


You were on level 2 of the Lair of Beasts.
You worshipped Trog.
Trog was greatly pleased with you.
You were starving.

You visited 3 branches of the dungeon, and saw 14 of its levels.
You also visited: Ossuary.

You collected 653 gold pieces.

Inventory:

Hand Weapons
 a - a +5 battleaxe (weapon)
Armour
 b - a +2 plate armour (worn)
 s - a +2 helmet (worn)
Jewellery
 e - an amulet of guardian spirit (around neck)
 o - a ring of protection from cold (left hand)
 u - a +6 ring of slaying (right hand)
 H - an uncursed amulet of rage
Wands
 d - a wand of polymorph (13)
 n - a wand of paralysis (15)
 t - a wand of enslavement (2)
 y - a wand of random effects (41)
 D - a wand of iceblast (19)
Scrolls
 f - 7 scrolls of teleportation
 j - 3 scrolls of magic mapping
 l - 2 scrolls of blinking
 p - 5 scrolls of identify
 w - 3 scrolls of remove curse
Potions
 g - a potion of cancellation
 h - 3 potions of resistance
 i - 3 potions of invisibility
 k - 5 potions of curing
 m - 3 potions of flight
 q - 5 potions of heal wounds
 x - 3 potions of haste
 A - 2 potions of mutation
 B - a potion of agility
 I - a potion of berserk rage
 J - a potion of might
Comestibles
 c - 23 rations


   Skills:
 + Level 10.9 Fighting
 + Level 9.3 Axes
 + Level 10.6 Armour
 + Level 8.2 Dodging


You had 11 spell levels left.
You didn't know any spells.
Your spell library was empty.

Dungeon Overview and Level Annotations

Branches:
Dungeon (11/15)            Temple (1/1) D:7            Lair (2/6) D:8
  Swamp: Lair:2-4    Shoals: Lair:2-4     Snake: Lair:2-4    Spider: Lair:2-4
    Orc: D:9-12

Altars:
Cheibriados
Dithmenos
Elyvilon
Hepliaklqana
Okawaru
Wu Jian

Shops:
D:7 [


Innate Abilities, Weirdness & Mutations

You are resistant to torment.
Your stone body is resilient. (AC +8)
You are immune to poison.
You resist negative energy. (rN+)
You are resistant to electric shocks. (rElec)
You can survive without breathing.
You are immune to petrification.
You are immune to rotting.


Message History

The 11-headed hydra grows two more!
You slice the 13-headed hydra!!
The 13-headed hydra is almost dead.
The 13-headed hydra bites you but does no damage. x8
The 13-headed hydra bites you.
* * * LOW HITPOINT WARNING * * *
The 13-headed hydra bites you but does no damage. x2
The 13-headed hydra bites you!
* * * LOW HITPOINT WARNING * * *
The 13-headed hydra bites you but does no damage.
You chop one of the 13-headed hydra's heads off!
The 12-headed hydra grows two more!
You slash the 14-headed hydra!
The 14-headed hydra is almost dead.
The 14-headed hydra bites you but does no damage.
The 14-headed hydra barely misses you.
The 14-headed hydra bites you but does no damage.
The 14-headed hydra barely misses you. The 14-headed hydra bites you!
* * * LOW HITPOINT WARNING * * *
The 14-headed hydra bites you but does no damage. x3
The 14-headed hydra bites you!
You die...

............##
.............#
..............##
...............##
.....(..........#
................#
..=...........#
.......@.>..#
###.#.#D†#### ####
#...## ##... ##...#
#.... #..## ###
####...
#...#####.###......
##............##...
#....######.###...
#..##.# ### #...


You could see a 14-headed hydra.

Vanquished Creatures
  2 two-headed ogres
  An unseen horror (D:10)
  A centaur zombie (D:10)
  A spiny frog (Lair:1)
  A troll (D:9)
  3 hippogriffs
  14 yaks
  Sigmund (D:2)
  4 hogs (D:9)
  A wyvern (Lair:1)
  A human (D:9)
  Menkaure (D:7)
  A soldier ant (D:10)
  Duvessa (D:5)
  3 porcupines
  5 orc warriors
  5 sky beasts
  4 ice beasts
  A black bear (D:10)
  An ogre (D:11)
  4 phantoms
  4 centaurs
  A big kobold (D:10)
  Blork the orc (D:5)
  5 bullfrogs
  A gnoll sergeant (D:7)
  5 water moccasin zombies (Ossuary)
  Dowan (D:5)
  A water moccasin skeleton (D:8)
  2 scorpions (D:4)
  16 killer bees (D:10)
  16 wights
  4 howler monkeys
  2 crimson imps
  2 bullfrog zombies
  A jelly (D:10)
  2 quasits
  3 bullfrog skeletons
  9 hounds
  A centaur skeleton (D:10)
  3 orc priests
  Jessica (D:2)
  Ijyb (D:5)
  4 iguanas
  12 orc wizards
  8 worker ants
  3 big kobold zombies (Ossuary)
  2 killer bee zombies
  2 mummies (Ossuary)
  A worker ant zombie (D:4)
  11 adders
  19 gnolls
  3 oozes
  5 adder zombies
  3 adder skeletons
  2 worms
  2 dart slugs
  10 leopard geckos
  46 orcs
  5 bats
  6 giant cockroaches
  4 gnoll zombies (Ossuary)
  19 goblins
  8 hobgoblins
  12 jackals
  A quokka (D:4)
  A ball python (D:5)
  10 frilled lizards
  A goblin zombie (D:7)
  3 hobgoblin zombies (Ossuary)
  10 kobolds
  2 kobold zombies (Ossuary)
  A leopard gecko skeleton (D:5)
  4 orc zombies (Ossuary)
  A quokka skeleton (D:4)
  3 quokka zombies (D:7)
  10 rats
  2 fungi (Lair:1)
374 creatures vanquished.

Notes
Turn   | Place    | Note
-------+----------+-------------------------------------------
     0 | D:1      | Fang the Gargoyle Berserker began the quest for the Orb.
     0 | D:1      | Reached XP level 1. HP: 14/14 MP: 1/1
   131 | D:1      | Reached XP level 2. HP: 16/19 MP: 2/2
   535 | D:1      | Reached XP level 3. HP: 21/23 MP: 3/3
   539 | D:1      | Reached ** piety under Trog
   965 | D:2      | Noticed Jessica
   983 | D:2      | Killed Jessica
   983 | D:2      | Reached XP level 4. HP: 29/29 MP: 2/4
  1054 | D:2      | HP: 2/43 [gnoll/+0 halberd (3)]
  1058 | D:2      | Reached XP level 5. HP: 3/33 MP: 0/5
  1611 | D:2      | Noticed Sigmund
  1618 | D:2      | Killed Sigmund
  1618 | D:2      | Reached XP level 6. HP: 39/39 MP: 3/6
  1939 | D:3      | Reached *** piety under Trog
  2903 | D:4      | Reached skill level 5 in Fighting
  3036 | D:4      | Noticed a phantom
  3064 | D:4      | Killed a phantom
  3064 | D:4      | Reached XP level 7. HP: 34/44 MP: 7/7
  3454 | D:4      | Reached **** piety under Trog
  3602 | D:4      | Reached skill level 5 in Armour
  3697 | D:5      | Entered Level 5 of the Dungeon
  3724 | D:5      | Reached XP level 8. HP: 40/51 MP: 6/8
  3757 | D:5      | Reached skill level 5 in Axes
  3959 | D:5      | Found a shadowy altar of Dithmenos.
  4071 | D:5      | Noticed Blork the orc
  4081 | D:5      | Killed Blork the orc
  4263 | D:5      | Found an ornate altar of the Wu Jian Council.
  4361 | D:5      | Noticed Duvessa
  4367 | D:5      | Noticed Dowan
  4388 | D:5      | Killed Duvessa
  4402 | D:5      | Killed Dowan
  4492 | D:5      | Noticed Ijyb
  4499 | D:5      | Killed Ijyb
  4499 | D:5      | Reached XP level 9. HP: 56/56 MP: 9/9
  4814 | D:6      | Reached skill level 5 in Dodging
  5230 | D:6      | Found a snail-covered altar of Cheibriados.
  5420 | D:7      | Found a staircase to the Ecumenical Temple.
  5477 | Temple   | Entered the Ecumenical Temple
  5657 | D:7      | Noticed a two-headed ogre
  5668 | D:7      | Killed a two-headed ogre
  5880 | D:7      | Reached ***** piety under Trog
  5880 | D:7      | Reached XP level 10. HP: 39/64 MP: 5/10
  5994 | D:7      | Noticed Menkaure
  5997 | D:7      | Killed Menkaure
  6102 | D:7      | Found a sand-covered staircase.
  6115 | Ossuary  | Entered an ossuary
  6172 | Ossuary  | Received a gift from Trog
  6191 | Ossuary  | Got a polished hunting sling {god gift}
  6369 | D:7      | Found Exerphot's Armour Emporium.
  6916 | D:8      | Found a staircase to the Lair.
  7363 | Lair:1   | Entered Level 1 of the Lair of Beasts
  7525 | D:9      | Found a white marble altar of Elyvilon.
  7647 | D:9      | Reached XP level 11. HP: 51/71 MP: 4/11
  7947 | D:9      | Reached skill level 10 in Fighting
  8399 | D:10     | Entered Level 10 of the Dungeon
  8409 | D:10     | Noticed a two-headed ogre
  8420 | D:10     | Killed a two-headed ogre
  8420 | D:10     | Reached skill level 10 in Armour
  8678 | D:10     | Received a gift from Trog
  8823 | D:10     | Killed an unseen horror
  9381 | Lair:1   | Reached XP level 12. HP: 73/79 MP: 12/12
  9891 | Lair:2   | Noticed a five-headed hydra
  9909 | Lair:2   | HP: 4/118 [14-headed hydra (8)]
  9909 | Lair:2   | Slain by a 14-headed hydra

Skill      XL: |  1  2  3  4  5  6  7  8  9 10 11 |
---------------+----------------------------------+-----
Axes           | 3 4 5 6 8 9 |  9.3
Dodging        | 2 3 4 5 7 8 |  8.2
Armour         | 3 4 5 6 7 9 10 | 10.6
Fighting       | 4 5 6 8 9 10 | 10.9

Action                   |  1- 3 |  4- 6 |  7- 9 | 10-12 || total
-------------------------+-------+-------+-------+-------++-------
Melee: Hand axe          |    91 |   164 |   357 |   178 ||   790
       War axe           |       |       |       |   106 ||   106
       Battleaxe         |       |       |       |   225 ||   225
Invok: Berserk           |       |     3 |     2 |     2 ||     7
       Trog's Hand       |       |       |     1 |       ||     1
       Brothers in Arms  |       |       |       |     1 ||     1
  Use: Scroll            |       |       |       |    28 ||    28
  Eat: Chunk             |       |    10 |    12 |    14 ||    36
Armor: Animal skin       |    24 |    82 |    44 |       ||   150
       Chain mail        |       |       |   137 |       ||   137
       Plate armour      |       |       |    17 |   600 ||   617
Dodge: Dodged            |    56 |   145 |   175 |   365 ||   741
